 Dungeon Crawl Stone Soup version 0.23.2-40-g277498a (webtiles) character file.

Game seed: 5678305036858852856

70279 Fang the Warrior (level 15, -2/105 HPs)
             Began as a Gargoyle Berserker on Oct 14, 2019.
             Was the Champion of Trog.
             Slain by an ettin
             ... wielding a +0 dire flail
              (24 damage)
             ... on level 15 of the Dungeon on Oct 15, 2019.
             The game lasted 00:32:01 (19846 turns).

Fang the Warrior (Gargoyle Berserker)              Turns: 19846, Time: 00:32:02

Health: -2/105     AC: 38    Str: 26    XL:     15   Next: 32%
Magic:  15/15      EV: 13    Int:  9    God:    Trog [******]
Gold:   1477       SH:  0    Dex: 14    Spells: 14/14 levels left

rFire    . . .     SeeInvis .   s - +7 executioner's axe "Kevebb" {freeze, +Inv rElec Str-4 Dex+3}
rCold    . . .     Gourm    +   (shield currently unavailable)
rNeg     + . .     Faith    .   b - +5 plate armour
rPois    ∞         Spirit   .   (no helmet)
rElec    +         Reflect  .   A - +2 cloak {MR+}
rCorr    .         Harm     .   (no gloves)
MR       ++...                  (no boots)
Stlth    ..........             t - amulet of the gourmand
HPRegen  0.27/turn              j - +3 ring of protection
MPRegen  0.14/turn              r - ring of Disaster {rElec Str+4 Dex+2}

@: flying
A: big wings, negative energy resistance 1, electricity resistance, unbreathing,
petrification resistance, rot immunity, AC +11
a: Stop Flying, Berserk, Trog's Hand, Brothers in Arms, Renounce Religion, Evoke
Invisibility


You were on level 15 of the Dungeon.
You worshipped Trog.
Trog was exalted by your worship.
You were completely stuffed.

You visited 3 branches of the dungeon, and saw 21 of its levels.
You also visited: Ossuary.

You collected 1477 gold pieces.

Inventory:

Hand Weapons
 a - a +4 war axe of flaming
 s - the +7 executioner's axe "Kevebb" (weapon) {freeze, +Inv rElec Str-4 Dex+3}
   (You acquired it on level 6 of the Lair of Beasts)

   It has been specially enchanted to freeze those struck by it, causing extra
   injury to most foes and up to half again as much damage against particularly
   susceptible opponents.
   It can also slow down cold-blooded creatures.
   It affects your strength (-4).
   It affects your dexterity (+3).
   It insulates you from electricity.
   It lets you turn invisible.
 J - a +1 battleaxe of electrocution
 K - a +4 antimagic war axe
 P - a +2 executioner's axe of chopping
Armour
 b - a +5 plate armour (worn)
 A - a +2 cloak of magic resistance (worn)
Jewellery
 j - a +3 ring of protection (left hand)
 m - an uncursed amulet of guardian spirit
 p - a +4 amulet of reflection {unknown}
 r - the ring of Disaster (right hand) {rElec Str+4 Dex+2}
   (You found it on level 2 of the Lair of Beasts)

   [ring of strength]

   It affects your strength (+4).
   It affects your dexterity (+2).
   It insulates you from electricity.
 t - an amulet of the gourmand (around neck)
 y - an uncursed amulet of the acrobat
 C - an uncursed ring of resist corrosion
 H - a +5 ring of dexterity {unknown}
Wands
 z - a wand of random effects (48)
 E - a wand of polymorph (17)
 G - a wand of paralysis (20)
 L - a wand of scattershot (6)
 O - a wand of digging (5)
 Q - a wand of flame (17)
Scrolls
 d - 9 scrolls of remove curse
 e - 4 scrolls of teleportation
 g - 3 scrolls of blinking
 h - 5 scrolls of identify
 n - 12 scrolls of magic mapping
 q - a scroll of brand weapon
 u - 2 scrolls of fear
 v - 3 scrolls of fog
Potions
 f - 5 potions of haste
 i - 3 potions of cancellation
 k - 8 potions of curing
 l - 5 potions of mutation
 o - 3 potions of ambrosia
 w - 4 potions of agility
 x - 3 potions of invisibility
 B - 6 potions of heal wounds
 D - a potion of might
 F - a potion of resistance
 I - 2 potions of berserk rage
Comestibles
 c - 44 rations
 M - 13 chunks of flesh


   Skills:
 * Level 16.3 Fighting
 * Level 14.0 Axes
 + Level 12.2 Armour
 + Level 9.7 Dodging


You had 14 spell levels left.
You didn't know any spells.
Your spell library was empty.

Dungeon Overview and Level Annotations

Branches:
Dungeon (13/15)            Temple (1/1) D:4            Lair (6/6) D:10
  Swamp (0/4) Lair:3        Snake (0/4) Lair:3        Slime (0/5) Lair:5
    Orc (0/2) D:11         Vaults (0/5) D:13

Altars:
Cheibriados
Dithmenos
Gozag
Hepliaklqana
Makhleb
Nemelex Xobeh
Okawaru
Qazlal
Trog
Xom
Yredelemnul

Shops:
D:4 :   D:5 %   D:7 [   D:10 (

Annotations:
D:2 1 transporter
Lair:2 3 runed translucent doors, Zaotucs's ghost, journeyman DsWn
Lair:5 exclusion: 2 oklob plants


Innate Abilities, Weirdness & Mutations

You are resistant to torment.
Your stone body is resilient. (AC +11)
You are immune to poison.
Your large and strong wings let you fly indefinitely.
You resist negative energy. (rN+)
You are resistant to electric shocks. (rElec)
You can survive without breathing.
You are immune to petrification.
You are immune to rotting.


Message History

You are too injured to fight recklessly!
You are too injured to fight recklessly!
You are too injured to fight recklessly!
You are too injured to fight recklessly!
You are too injured to fight recklessly!
You are too injured to fight recklessly!
You are too injured to fight recklessly!
You are too injured to fight recklessly!
You are too injured to fight recklessly!
You are too injured to fight recklessly!
You are too injured to fight recklessly!
You are too injured to fight recklessly!
Your cyclops goes berserk!
You feel quite a bit less full. The deep troll bites you!
The deep troll misses you. The deep troll claws you!
* * * LOW HITPOINT WARNING * * *
The purple ugly thing tail-slaps you.
* * * LOW HITPOINT WARNING * * *
The ettin hits you with a +0 dire flail!!
You die...

....####.###..
<.......#....
............#
........#...#
...........###
......Oc.....#
......uCT..#
.....JJ@O.##
......†.(..##
.....C(.....###
......#.......#
......#......##
...##...$...##
... #.......#
.. #........#
#....#####


You could see a purple ugly thing, an ettin, a very large slime creature, a
slime creature, a two-headed ogre, an ogre mage, a deep troll, a yaktaur and a
friendly cyclops (berserk).

Vanquished Creatures
  Gastronok (Lair:1)
  Snorg (D:11)
  A fire dragon (Lair:6)
  4 vault guards (D:13)
  6 hydras
  An anaconda (Lair:6)
  2 centaur warriors
  6 two-headed ogres
  An ogre mage (D:11)
  Urug (Lair:1)
  An unseen horror (D:13)
  A swamp dragon (Lair:6)
  An orc knight (D:13)
  2 manticores
  7 ugly things
  2 cyclopes
  Maurice (D:8)
  A centaur zombie (D:12)
  3 gargoyles (D:13)
  6 elephants (Lair:2)
  4 black mambas
  A torpor snail (Lair:1)
  7 spiny frogs
  5 rime drakes
  11 komodo dragons
  A queen bee (D:11)
  12 polar bears
  2 hornets
  4 trolls
  Prince Ribbit (D:5)
  4 raiju (Lair:6)
  2 slime creatures
  3 blink frogs (Lair:6)
  A harpy skeleton (D:12)
  9 hippogriffs
  A spriggan (Lair:3)
  2 wraiths (D:13)
  A shadow (D:12)
  59 yaks
  2 wyverns
  2 steam dragons (Lair:6)
  3 basilisks
  2 hungry ghosts
  2 vampire mosquitoes (D:10)
  Menkaure (D:6)
  3 acid dragons (Lair:6)
  3 nagas (Lair:3)
  4 wargs (Lair:6)
  12 water moccasins
  13 hell hounds (Lair:6)
  6 porcupines
  A swamp drake (Lair:6)
  4 sky beasts
  13 black bears
  7 orc warriors
  3 ice beasts
  An eye of draining (D:8)
  2 phantoms
  3 necrophages
  16 wolves (Lair:6)
  9 ogres
  19 centaurs
  22 crocodiles
  5 big kobolds (D:11)
  Blork the orc (D:6)
  17 bullfrogs
  3 gnoll sergeants
  A water moccasin zombie (D:12)
  2 scorpions
  17 killer bees
  8 wights
  6 howler monkeys
  An electric eel (Lair:6)
  2 crimson imps
  A bullfrog zombie (D:9)
  Crazy Yiuf (D:6)
  2 gnoll shamans
  An orc priest (D:4)
  A centaur skeleton (D:4)
  7 hounds
  3 jellies
  3 bullfrog skeletons
  11 orc wizards
  Jessica (D:2)
  7 iguanas
  Ijyb (D:5)
  10 worker ants
  Natasha (thrice) (D:4)
  6 big kobold zombies (Ossuary)
  A mummy (Ossuary)
  2 worker ant zombies
  13 gnolls
  12 adders
  12 white imps (Lair:5)
  2 adder zombies
  3 adder skeletons
  2 worms
  2 dart slugs
  8 leopard geckos
  58 orcs
  2 spectral bats (Ossuary)
  A ball python (D:2)
  8 giant cockroaches
  11 hobgoblins
  4 jackals
  3 quokkas
  11 bats
  A bat simulacrum (Ossuary)
  4 frilled lizards
  6 gnoll zombies (Ossuary)
  7 goblins
  3 goblin simulacra (Ossuary)
  4 goblin zombies (Ossuary)
  5 hobgoblin zombies (Ossuary)
  9 kobolds
  2 kobold simulacra (Ossuary)
  4 kobold zombies (Ossuary)
  5 orc zombies (Ossuary)
  A quokka skeleton (D:5)
  12 rats
  6 rat simulacra (Ossuary)
  5 spectral goblins (Ossuary)
  A spectral kobold (Ossuary)
  3 spectral rats (Ossuary)
  2 butterflies (Lair:1)
  2 fungi (Lair:5)
  11 plants
701 creatures vanquished.

Vanquished Creatures (collateral kills)
  A hydra (Lair:1)
  Sonja (Lair:5)
  A bullfrog (Lair:1)
3 creatures vanquished.

Vanquished Creatures (others)
  A wizard (D:8)
  15 plants
16 creatures vanquished.

Grand Total: 720 creatures vanquished

Notes
Turn   | Place    | Note
-------+----------+-------------------------------------------
     0 | D:1      | Fang the Gargoyle Berserker began the quest for the Orb.
     0 | D:1      | Reached XP level 1. HP: 14/14 MP: 1/1
   132 | D:1      | Reached XP level 2. HP: 19/19 MP: 2/2
   550 | D:1      | Reached XP level 3. HP: 20/23 MP: 3/3
   586 | D:1      | Reached ** piety under Trog
   883 | D:2      | Noticed Jessica
   914 | D:2      | Killed Jessica
   914 | D:2      | Reached XP level 4. HP: 4/29 MP: 4/4
  1246 | D:2      | Reached skill level 4 in Fighting
  1267 | D:2      | Found a sparkling altar of Nemelex Xobeh.
  1267 | D:2      | Found a transporter.
  1267 | D:2      | Noticed a hippogriff
  1394 | D:2      | Found a burning altar of Makhleb.
  1408 | D:2      | Found a shimmering altar of Xom.
  1690 | D:2      | Reached XP level 5. HP: 33/33 MP: 3/5
  1919 | D:3      | Reached *** piety under Trog
  2388 | D:4      | Noticed an ogre
  2398 | D:4      | Killed an ogre
  2398 | D:4      | Reached XP level 6. HP: 39/39 MP: 6/6
  2482 | D:4      | Noticed Natasha
  2499 | D:4      | Killed Natasha
  2517 | D:4      | Found a staircase to the Ecumenical Temple.
  2541 | Temple   | Entered the Ecumenical Temple
  2557 | D:4      | Noticed Natasha
  2577 | D:4      | Killed Natasha
  2579 | D:4      | Reached skill level 5 in Fighting
  2585 | D:4      | Reached XP level 7. HP: 23/44 MP: 3/7
  2708 | D:4      | Noticed Natasha
  2718 | D:4      | Killed Natasha
  3102 | D:4      | Found Qidgh's Book Shop.
  3631 | D:4      | Found a hazy altar of Hepliaklqana.
  3685 | D:4      | Found a bloodstained altar of Trog.
  3768 | D:5      | Entered Level 5 of the Dungeon
  3932 | D:5      | Reached skill level 6 in Fighting
  3932 | D:5      | Reached skill level 5 in Axes
  3932 | D:5      | Reached skill level 5 in Armour
  3932 | D:5      | Reached XP level 8. HP: 38/51 MP: 5/8
  4028 | D:5      | Noticed Prince Ribbit
  4040 | D:5      | Killed Prince Ribbit
  4109 | D:5      | Found a sand-covered staircase.
  4175 | Ossuary  | Entered an ossuary
  4184 | Ossuary  | Reached **** piety under Trog
  4546 | Ossuary  | Reached ***** piety under Trog
  4577 | D:5      | Noticed Ijyb
  4598 | D:5      | Killed Ijyb
  4806 | D:5      | Found Ijamefuts's Food Shoppe.
  5181 | D:6      | Found a snail-covered altar of Cheibriados.
  5192 | D:6      | Reached skill level 7 in Fighting
  5354 | D:6      | Noticed a wyvern
  5362 | D:6      | Killed a wyvern
  5362 | D:6      | Reached XP level 9. HP: 57/57 MP: 7/9
  5465 | D:6      | Noticed Blork the orc
  5467 | D:6      | Noticed Menkaure
  5477 | D:6      | Killed Menkaure
  5479 | D:6      | Killed Blork the orc
  5594 | D:6      | Found a runed translucent door.
  5595 | D:6      | Noticed Crazy Yiuf
  5740 | D:6      | Killed Crazy Yiuf
  5802 | D:7      | Reached skill level 8 in Fighting
  5846 | D:7      | Found a shadowy altar of Dithmenos.
  6065 | D:7      | Found Jianugayt's Armour Shop.
  6377 | D:7      | Reached skill level 5 in Dodging
  6622 | D:7      | Noticed a hornet
  6627 | D:7      | Reached skill level 9 in Fighting
  6627 | D:7      | Reached XP level 10. HP: 66/66 MP: 10/10
  6983 | D:8      | Noticed Maurice
  6996 | D:8      | Killed Maurice
  7481 | D:8      | Found a bloodstained altar of Trog.
  7484 | D:8      | Noticed a wizard
  7562 | D:8      | Killed a wizard
  7621 | D:9      | Noticed a two-headed ogre
  7636 | D:9      | Killed a two-headed ogre
  7636 | D:9      | Reached skill level 10 in Fighting
  7969 | D:9      | Found a basalt altar of Yredelemnul.
  7986 | D:9      | Found a shadowy altar of Dithmenos.
  7987 | D:9      | Found an opulent altar of Gozag.
  8016 | D:9      | Found an iron altar of Okawaru.
  8190 | D:9      | Reached XP level 11. HP: 73/73 MP: 11/11
  8439 | D:10     | Entered Level 10 of the Dungeon
  8472 | D:10     | Found a staircase to the Lair.
  8531 | D:10     | Found Miosext's Weapon Shoppe.
  8773 | D:10     | Received a gift from Trog
  8801 | D:10     | Reached skill level 11 in Fighting
  8927 | D:10     | Found a stormy altar of Qazlal.
  9383 | D:11     | Noticed a two-headed ogre
  9388 | D:11     | Killed a two-headed ogre
  9473 | D:11     | Found a staircase to the Orcish Mines.
  9602 | D:11     | Reached skill level 10 in Axes
 10058 | D:11     | Noticed Snorg
 10067 | D:11     | Killed Snorg
 10067 | D:11     | Reached skill level 12 in Fighting
 10067 | D:11     | Reached XP level 12. HP: 81/81 MP: 8/12
 10077 | D:11     | Received a gift from Trog
 10130 | D:11     | Noticed a two-headed ogre
 10137 | D:11     | Killed a two-headed ogre
 10174 | D:11     | Noticed an ogre mage
 10175 | D:11     | Noticed a two-headed ogre
 10176 | D:11     | Noticed a two-headed ogre
 10181 | D:11     | Killed a two-headed ogre
 10186 | D:11     | Killed an ogre mage
 10191 | D:11     | Killed a two-headed ogre
 10691 | D:11     | Noticed a two-headed ogre
 10707 | D:11     | Reached ****** piety under Trog
 11222 | Lair:1   | Entered Level 1 of the Lair of Beasts
 11228 | Lair:1   | Noticed Urug
 11239 | Lair:1   | Reached skill level 13 in Fighting
 11241 | Lair:1   | Received a gift from Trog
 11248 | Lair:1   | Killed Urug
 11413 | Lair:1   | Noticed a four-headed hydra
 11414 | Lair:1   | Noticed Gastronok
 11426 | Lair:1   | Killed Gastronok
 11426 | Lair:1   | Reached skill level 10 in Armour
 11432 | Lair:1   | Killed a ten-headed hydra
 11432 | Lair:1   | Reached XP level 13. HP: 38/88 MP: 5/13
 12408 | Lair:2   | Found a runed translucent gate.
 12408 | Lair:2   | Found a runed translucent gate.
 12408 | Lair:2   | Found a runed translucent gate.
 12408 | Lair:2   | Noticed Zaotucs's ghost (journeyman DsWn)
 12462 | Lair:2   | Got a clouded glass ring
 12464 | Lair:2   | Identified the ring of Disaster {rElec Str+4 Dex+2} (You
                  | found it on level 2 of the Lair of Beasts)
 13340 | Lair:3   | Found a staircase to the Swamp.
 13486 | Lair:3   | Reached skill level 14 in Fighting
 13713 | Lair:3   | Found a staircase to the Snake Pit.
 14205 | Lair:4   | Received a gift from Trog
 14851 | Lair:5   | Found a frozen archway.
 14928 | Lair:5   | Noticed Sonja
 14944 | Lair:5   | Killed Sonja
 15548 | Lair:5   | Found a staircase to the Slime Pits.
 15653 | Lair:6   | Entered Level 6 of the Lair of Beasts
 15684 | Lair:6   | Gained mutation: Your large and strong wings let you fly
                  | indefinitely. [Gargoyle growth]
 15684 | Lair:6   | Reached XP level 14. HP: 78/96 MP: 11/14
 15790 | Lair:6   | Received a gift from Trog
 16276 | Lair:6   | Reached skill level 15 in Fighting
 16636 | Lair:6   | Identified 3 scrolls of acquirement
 16641 | Lair:6   | Found the +3 sling "Punk" {acid, rCorr}
 16641 | Lair:6   | Got an encrusted executioner's axe
 16643 | Lair:6   | Identified the +7 executioner's axe "Kevebb" {freeze, +Inv
                  | rElec Str-4 Dex+3} (You acquired it on level 6 of the Lair
                  | of Beasts)
 17393 | Lair:6   | Received a gift from Trog
 19257 | D:13     | Reached XP level 15. HP: 89/104 MP: 15/15
 19308 | D:13     | Reached skill level 16 in Fighting
 19448 | D:13     | Found a gate to the Vaults.
 19463 | D:13     | Received a gift from Trog
 19832 | D:13     | You are sucked into a shaft for 2 floors!
 19832 | D:15     | Entered Level 15 of the Dungeon
 19846 | D:15     | Slain by an ettin

Skill      XL: |  1  2  3  4  5  6  7  8  9 10 11 12 13 14 15 |
---------------+----------------------------------------------+-----
Axes           | 3 4 5 6 7 8 10 11 12 13 14 | 14.0
Dodging        | 2 3 4 5 6 7 8 9 |  9.7
Armour         | 3 4 5 6 7 9 10 11 12 | 12.2
Fighting       | 4 5 6 7 9 10 12 13 14 15 16 | 16.3

Action                   |  1- 3 |  4- 6 |  7- 9 | 10-12 | 13-15 || total
-------------------------+-------+-------+-------+-------+-------++-------
Melee: Hand axe          |   131 |    84 |       |       |       ||   215
       War axe           |       |   102 |   550 |   198 |   423 ||  1273
       Battleaxe         |       |       |       |   298 |   170 ||   468
       Executioner's axe |       |       |       |       |   210 ||   210
Invok: Trog's Hand       |     1 |     1 |       |       |     2 ||     4
       Berserk           |       |     3 |     7 |     8 |     7 ||    25
       Brothers in Arms  |       |       |       |     1 |     2 ||     3
 Abil: Fly               |       |       |       |       |     1 ||     1
  Use: Scroll            |       |       |       |    23 |    19 ||    42
       Potion            |       |       |       |       |     2 ||     2
  Eat: Chunk             |       |     8 |    24 |    23 |    75 ||   130
Armor: Animal skin       |    49 |   108 |     4 |       |       ||   161
       Chain mail        |       |       |   438 |   279 |       ||   717
       Plate armour      |       |       |       |   261 |   780 ||  1041
Dodge: Dodged            |   110 |   193 |   337 |   407 |   647 ||  1694
